 Dungeon Crawl Stone Soup version 0.30-a0-937-ga0a21ad780 (webtiles) character file.

Game seed: 18214274198911798132

27301 BlueFish the Covert (level 13, -1/109 HPs)
             Began as an Octopode Warper on Mar 24, 2023.
             Was an Initiate of Cheibriados.
             Slain by a catoblepas (20 damage)
             ... on level 5 of the Lair of Beasts.
             The game lasted 01:37:26 (34256 turns).

BlueFish the Covert (Octopode Warper)              Turns: 34256, Time: 01:37:27

Health: -1/109     AC: 24    Str: 22    XL:     13   Next: 31%
Magic:  15/19      EV: 14    Int: 18    God:    Cheibriados [......]
Gold:   861        SH:  0    Dex: 13    Spells: 6/20 levels left

rFire   . . .      SeeInvis .    J - +3 flail of Valour {flame, rN+}
rCold   . . .      Faith    .    (no shield)
rNeg    + + +      Spirit   .    c - +1 hat
rPois   ∞          Reflect  .    r - macabre finger necklace {Finger+ rN+}
rElec   +          Rampage  .    m - +6 ring of strength
rCorr   +                        C - ring of wizardry
Will    .....                    w - ring "Juoc" {rElec rPois Int+2}
Stlth   +++++                    G - ring of resist corrosion
HPRegen 0.38/turn                (no ring)
MPRegen 0.16/turn                (no ring)
                                 (no ring)
                                 (no ring)
                                 (no ring)

@: statue-form, on blink cooldown, very slightly contaminated, very slow
A: slow and powerful, torment resistance 1, boosted hp, almost no armour,
amphibious, 8 rings, camouflage 1, (gelatinous body 1), (nimble swimmer 1),
tentacles, beak, noise suppression
a: End Transformation, Renounce Religion


You were on level 5 of the Lair of Beasts.
You worshipped Cheibriados.
Cheibriados was noncommittal.
You were a living statue of rough stone.
You visited 3 branches of the dungeon, and saw 17 of its levels.
You also visited: Sewer.

You collected 1029 gold pieces.
You spent 168 gold pieces at shops.

Inventory:

Hand Weapons
 J - the +3 flail of Valour (weapon) {flame, rN+}
   (You found it on level 9 of the Dungeon)

   rN:        It protects you from negative energy.
Missiles
 a - 2 throwing nets
 b - 5 boomerangs of dispersal
 d - 22 poisoned darts
 f - 9 stones (quivered)
 z - 5 boomerangs
 N - 6 javelins
Armour
 c - a +1 hat (worn)
 x - a +0 kite shield
 B - a +0 buckler
Jewellery
 m - a +6 ring of strength (left tentacle)
 r - the macabre finger necklace (around mantle) {Finger+ rN+}
   (You found it on level 3 of the Lair of Beasts)

   [amulet of nothing]

   Finger+:   It enables you to equip an extra ring.
   rN:        It protects you from negative energy.
 w - the ring "Juoc" (on tentacle) {rElec rPois Int+2}
   (You acquired it on level 11 of the Dungeon)

   [ring of poison resistance]

   Int:       It affects your intelligence (+2).
   rElec:     It insulates you from electricity.
   rPois:     It protects you from poison.
 C - a ring of wizardry (right tentacle)
 G - a ring of resist corrosion (on tentacle)
 L - an amulet of guardian spirit
Wands
 P - a wand of mindburst (6)
Scrolls
 e - 2 scrolls of poison
 h - 3 scrolls of fog
 n - a scroll of magic mapping
 o - 2 scrolls of enchant weapon
 q - a scroll of enchant armour
 s - 2 scrolls of amnesia
 u - a scroll of brand weapon
 I - 2 scrolls of summoning
 M - a scroll of immolation
 O - a scroll of silence {unknown}
Potions
 g - a potion of haste
 i - 2 potions of magic
 k - 4 potions of attraction
 l - 4 potions of lignification
 p - 2 potions of might
 t - 7 potions of brilliance
 v - a potion of cancellation
 F - 3 potions of flight
 K - a potion of ambrosia


   Skills:
 + Level 6.4 Fighting
 - Level 8.5 Maces & Flails
 + Level 6.2 Throwing
 + Level 6.5 Dodging
 + Level 10.4 Stealth
 + Level 6.6 Shields
 + Level 2.1 Unarmed Combat
 - Level 4.1 Spellcasting
 - Level 6.8 Translocations
 * Level 8.1 Transmutations
 * Level 8.1 Earth Magic
 + Level 0.4 Invocations
 + Level 6.0 Evocations


You had 6 spell levels left.
You knew the following spells:

 Your Spells              Type           Power      Damage    Failure   Level
a - Blink                 Tloc           56%        N/A       1%          2
b - Lesser Beckoning      Tloc           56%        N/A       1%          2
c - Teleport Other        Tloc           28%        N/A       1%          3
d - Apportation           Tloc           56%        N/A       1%          1
e - Statue Form           Tmut/Erth      21%        N/A       32%         6

Your spell library contained the following spells:

 Spells                   Type           Power      Damage    Failure   Level
 Sting                    Tmut/Pois      72%        1d6       1%          1
 Passwall                 Tmut/Erth      26%        N/A       1%          2
 Gell's Gravitas          Tloc           28%        N/A       1%          3
 Petrify                  Tmut/Erth      32%        N/A       2%          4
 Manifold Assault         Tloc           28%        N/A       3%          4
 Vhi's Electric Charge    Tloc/Air       32%        N/A       4%          3
 Poisonous Vapours        Pois/Air       6%         N/A       9%          2
 Ice Form                 Ice/Tmut       18%        N/A       11%         4
 Hailstorm                Conj/Ice       3%         3d3       17%         3
 Alistair's Intoxication  Tmut/Pois      12%        N/A       28%         5
 Olgreb's Toxic Radiance  Pois           3%         N/A       47%         4
 Metabolic Englaciation   Hex/Ice        1%         N/A       82%         5
 Simulacrum               Ice/Necr       1%         N/A       100%        6


Dungeon Overview and Level Annotations

Branches:
Dungeon (11/15)            Temple (1/1) D:6            Lair (5/5) D:8
  Swamp (0/4) Lair:3        Snake (0/4) Lair:2        Slime (0/5) Lair:4
    Orc (0/2) D:11          Sewer (visited)

Altars:
Ashenzari
Cheibriados
Dithmenos
Elyvilon
Fedhas
Gozag
Hepliaklqana
Kikubaaqudgha
Makhleb
Nemelex Xobeh
Okawaru
Qazlal
Ru
Sif Muna
Trog
Uskayaw
Vehumet
Wu Jian
Xom
Yredelemnul
Zin
The Shining One

Shops:
D:5 (   D:6 (   D:7 *(   D:8 (   D:11 *

Annotations:
D:9 Erolcha
D:11 exclusions: boulder beetle, gargoyle, 3 howler monkeys and two-headed ogre
Lair:1 3 runed translucent doors, cforsyth's ghost, journeyman OgSu
Lair:2 exclusions: lava snake and salamander
Lair:4 1 runed translucent door, exclusions: basilisk, door and hydra


Innate Abilities, Weirdness & Mutations

You are a living statue of rough stone.
Your actions are slow, but your melee attacks are powerful.
You are resistant to unholy torment.
Your maximum health is greatly increased.
You are immune to poison.
You cannot wear most types of armour.
You are amphibious.
You can wear up to eight rings at the same time.
Your skin changes colour to match your surroundings (Stealth+).
((Your rubbery body absorbs attacks. (AC +1, EV +1)))
((You are camouflaged when in or above water. (Stealth+)))
You have tentacles for arms and can constrict up to eight enemies at once.
You have a beak for a mouth.
You passively dampen the noise of your surroundings.


Message History

There is a stone staircase leading up, spattered with blood here.
The catoblepas gores you! x2
* * * LOW HITPOINT WARNING * * *
You hit the catoblepas. You burn the catoblepas.
You peck the catoblepas, but do no damage.
The catoblepas is lightly wounded.
The catoblepas gores you but does no damage.
You hit the catoblepas. You burn the catoblepas.
You peck the catoblepas, but do no damage.
You squeeze the catoblepas!
The catoblepas is heavily wounded.
The catoblepas gores you but does no damage. x2
Casting: Statue Form (dangerous; 32% risk of failure)
Confirm with . or Enter, or press ? or * to list all spells.
Aiming: Teleport Other (safe; 1% risk of failure)
Press: ? - help, Shift-Dir - straight line, f - catoblepas
Aim: a catoblepas (moderately wounded, chance to affect: 8%)
Okay, then.
You hit the catoblepas but do no damage.
Your peck misses the catoblepas. You tentacle-slap the catoblepas.
The catoblepas is heavily wounded.
The catoblepas gores you.
* * * LOW HITPOINT WARNING * * *
You sock the catoblepas! You burn the catoblepas.
Your peck misses the catoblepas. You squeeze the catoblepas.
The catoblepas is severely wounded.
The catoblepas gores you!
* * * LOW HITPOINT WARNING * * *
The catoblepas breathes a plume of calcifying dust at you.
The blast of calcifying dust hits you but does no damage.
Casting: Teleport Other (safe; 1% risk of failure)
Confirm with . or Enter, or press ? or * to list all spells.
You blink.
Throw: 5 boomerangs
Press: ? - help, Shift-Dir - straight line, f - catoblepas
Aim: a catoblepas (severely wounded, 90% to hit)
You throw a boomerang. The boomerang hits the catoblepas.
The catoblepas is severely wounded.
The catoblepas gores you!!
You die...

..................
........§..........
........§.....^.....
........§..........#
........§..........#. ##l
........§..........P.. ##l.
........§........).....##.l.
########.<÷........PP.##....
###Y8.........##.....
##.......P.###....#
##.......PP#PP.P.#
#.......P.......#
#...#...............
#...hh#..............
.......h#P............
..#...####.)..........
.#.### #.....P#..#.#


You could see a catoblepas.

Vanquished Creatures
  Erica (D:8)
  An ugly thing (D:11)
  A cyclops (D:11)
  8 elephants
  5 black mambas
  9 cane toads
  2 kobold demonologists (D:9)
  A torpor snail (Lair:1)
  2 komodo dragons
  5 rime drakes
  2 polar bears
  4 hornets
  2 trolls
  2 wraiths
  9 wyverns
  2 vampires
  32 yaks
  5 basilisks
  2 steam dragons
  A swamp worm (Lair:3)
  A warg (Lair:5)
  10 water moccasins
  Duvessa (D:7)
  An ice beast (D:6)
  4 orc warriors
  8 black bears
  Pargi (Sewer)
  2 sky beasts
  An ogre (D:6)
  11 wolves
  3 centaurs
  5 kobold brigands
  2 phantoms
  5 bullfrogs
  6 scorpions
  24 wights
  Dowan (D:7)
  4 killer bees (D:9)
  An electric eel (Lair:3)
  2 howler monkeys (D:8)
  2 jellies
  3 orc priests
  3 sleepcaps
  2 hounds
  An iguana (D:6)
  7 orc wizards
  5 adders
  3 river rats (D:4)
  A shadow imp (D:5)
  3 white imps
  A worm (D:4)
  5 dart slugs
  22 orcs
  8 bats
  6 endoplasms
  4 giant cockroaches
  10 goblins
  6 hobgoblins
  29 kobolds
  12 ball pythons
  11 frilled lizards
  6 rats
339 creatures vanquished.

Vanquished Creatures (others)
  A human (D:3)
  An adder (D:3)
  An ufetubus (D:3)
  A dart slug (D:3)
  An orc (D:3)
  A giant cockroach (D:3)
  A goblin (D:3)
  A ball python (D:3)
  A kobold (D:9)
  3 bushes (D:6)
  32 fungi
  116 plants
160 creatures vanquished.

Grand Total: 499 creatures vanquished

Notes
Turn   | Place    | Note
-------+----------+-------------------------------------------
     0 | D:1      | BlueFish the Octopode Warper began the quest for the Orb.
     0 | D:1      | Reached XP level 1. HP: 14/14 MP: 3/3
   194 | D:1      | Reached skill level 1 in Stealth
   194 | D:1      | Reached XP level 2. HP: 19/19 MP: 5/5
   485 | D:1      | Reached XP level 3. HP: 20/24 MP: 6/6
   837 | D:1      | Reached skill level 2 in Stealth
  1553 | D:2      | Reached skill level 1 in Maces & Flails
  1863 | D:3      | Reached XP level 4. HP: 18/29 MP: 7/7
  1866 | D:3      | Learned a level 2 spell: Blink
  1869 | D:3      | Learned a level 2 spell: Lesser Beckoning
  1873 | D:3      | Learned a level 3 spell: Teleport Other
  2022 | D:3      | Found a shimmering altar of Xom.
  2074 | D:3      | Found an ancient bone altar of Kikubaaqudgha.
  2074 | D:3      | Noticed a human
  2078 | D:3      | Killed a human
  2443 | D:3      | Identified the +2 robe of the Old and Reckless {*Slow rC-
                  | rN+++ Str+4}
  2778 | D:4      | Reached XP level 5. HP: 35/35 MP: 8/8
  2995 | D:4      | Reached skill level 3 in Stealth
  3100 | D:4      | Noticed a phantom
  3332 | D:4      | Found a glowing drain.
  3341 | Sewer    | Entered a sewer
  3416 | Sewer    | Noticed Pargi
  3892 | Sewer    | Killed Pargi
  3893 | Sewer    | Reached XP level 6. HP: 30/41 MP: 9/9
  4082 | D:3      | Reached skill level 4 in Stealth
  4720 | D:5      | Entered Level 5 of the Dungeon
  4783 | D:5      | Reached XP level 7. HP: 41/45 MP: 11/11
  4810 | D:5      | Learned a level 1 spell: Apportation
  4939 | D:5      | Reached skill level 1 in Shields
  5284 | D:5      | Found a blossoming altar of Fedhas.
  5289 | D:5      | Reached skill level 5 in Stealth
  5289 | D:5      | Reached skill level 1 in Evocations
  5347 | D:5      | Found Joydac's Weapon Shoppe.
  5756 | D:6      | Found Zinwuum's Weapon Emporium.
  5907 | D:6      | Reached XP level 8. HP: 42/52 MP: 12/12
  6600 | D:6      | HP: 2/52 [bullfrog (4)]
  6883 | D:6      | Found a staircase to the Ecumenical Temple.
  6903 | D:6      | Reached skill level 6 in Stealth
  7828 | D:6      | Reached skill level 7 in Stealth
  7877 | D:6      | Reached XP level 9. HP: 6/58 MP: 4/14
  8335 | D:6      | Found a shimmering blue altar of Sif Muna.
  8561 | D:6      | Got Sif Muna's Incunable of Scree
  8572 | D:6      | Found a bloodstained altar of Trog.
  8858 | Temple   | Entered the Ecumenical Temple
  9566 | D:7      | Found Xukonoer's Mayhem Merchandise.
  9751 | D:7      | Found Kihesuf's Hydra Hut.
  9755 | D:7      | Noticed a seven-headed hydra
 10144 | D:7      | Found a hazy altar of Hepliaklqana.
 10709 | D:7      | Found a snail-covered altar of Cheibriados.
 10731 | D:7      | Noticed Dowan
 10787 | D:7      | Noticed Duvessa
 10813 | D:7      | Killed Duvessa
 10918 | D:7      | Reached skill level 8 in Stealth
 11280 | D:8      | Noticed a hornet
 11410 | D:8      | Reached skill level 5 in Translocations
 11881 | D:9      | Noticed Erolcha
 11928 | D:9      | Identified the +3 flail of Valour {flame, rN+}
 11933 | D:9      | Noticed a troll
 12319 | D:8      | Reached XP level 10. HP: 62/65 MP: 16/16
 12355 | D:8      | Found a staircase to the Lair.
 12387 | D:8      | Found Perakkam's Antique Weapon Shop.
 12535 | D:8      | Reached skill level 5 in Dodging
 12622 | D:8      | Noticed Erica
 12689 | D:7      | Killed Dowan
 13193 | D:8      | Reached skill level 5 in Shields
 13307 | D:8      | Reached skill level 5 in Fighting
 13446 | D:8      | Reached skill level 5 in Maces & Flails
 13549 | D:8      | Killed Erica
 13550 | D:8      | Reached skill level 9 in Stealth
 14131 | D:9      | Reached skill level 5 in Throwing
 14853 | D:8      | Reached skill level 5 in Evocations
 15081 | D:8      | Reached XP level 11. HP: 54/72 MP: 17/17
 15605 | D:10     | Entered Level 10 of the Dungeon
 16163 | D:9      | Paralysed by a hornet for 2 turns
 17189 | Lair:1   | Entered Level 1 of the Lair of Beasts
 18196 | Lair:1   | Found a runed translucent gate.
 18196 | Lair:1   | Found a runed translucent gate.
 18196 | Lair:1   | Found a runed translucent gate.
 18481 | Lair:1   | Noticed cforsyth's ghost (journeyman OgSu)
 20682 | Lair:2   | Reached skill level 10 in Stealth
 20878 | Lair:2   | Found a staircase to the Snake Pit.
 20878 | Lair:2   | Noticed a salamander
 21685 | Lair:2   | HP: 2/72 [elephant (17)]
 22042 | Lair:2   | Reached XP level 12. HP: 20/80 MP: 18/18
 22408 | Lair:2   | Learned a level 6 spell: Statue Form
 22930 | Lair:2   | Reached skill level 1 in Transmutations
 22930 | Lair:2   | Reached skill level 1 in Earth Magic
 23620 | Lair:3   | Found the macabre finger necklace {Finger+ rN+}
 24871 | Lair:3   | Found a staircase to the Swamp.
 25468 | Lair:3   | Noticed an anaconda
 26500 | Lair:2   | Reached skill level 5 in Transmutations
 26500 | Lair:2   | Reached skill level 5 in Earth Magic
 26739 | Lair:3   | HP: 4/80 [fire crab (15)]
 27896 | D:9      | Noticed a sun demon
 27941 | D:9      | HP: 3/80 [something/fireball (25)]
 29251 | D:11     | Noticed a boulder beetle
 29435 | D:11     | Found a staircase to the Orcish Mines.
 29825 | D:11     | Found Yrgheufudd's Assorted Antiques.
 29834 | D:11     | Bought a scroll of fog for 96 gold pieces
 29834 | D:11     | Bought a scroll labelled VOSUPT VOICSAB for 24 gold pieces
 29834 | D:11     | Bought a scroll of identify for 48 gold pieces
 29836 | D:11     | Identified a scroll of acquirement
 29837 | D:11     | Acquired the ring "Juoc" {rElec rPois Int+2}
 30088 | D:11     | Noticed a two-headed ogre
 30955 | Lair:4   | Reached XP level 13. HP: 74/84 MP: 19/19
 31382 | Lair:4   | Found a runed translucent door.
 32311 | Lair:4   | Found a staircase to the Slime Pits.
 32728 | Lair:5   | Entered Level 5 of the Lair of Beasts
 33583 | D:7      | Became a worshipper of Cheibriados the Contemplative
 34166 | Lair:4   | Gained mutation: You are dopey. (Int -2) [mutagenic glow]
 34182 | Lair:4   | Gained mutation: Your body sometimes deteriorates upon
                  | taking damage. [mutagenic glow]
 34239 | Lair:4   | Lost mutation: Your body sometimes deteriorates upon taking
                  | damage. [potion of mutation]
 34239 | Lair:4   | Lost mutation: You are dopey. (Int -2) [potion of mutation]
 34239 | Lair:4   | Gained mutation: You passively dampen the noise of your
                  | surroundings. [potion of mutation]
 34239 | Lair:4   | Gained mutation: You have a beak for a mouth. [potion of
                  | mutation]
 34256 | Lair:5   | Slain by a catoblepas

Illustrated notes

Levels and vault maps discovered:
D:1:      wander_arrival_estate, layout_basic, st_stairs_10,
          chequers_serial_rivers_large_a
D:2:      layout_loops_cross, minmay_door_square, grunt_ministairs_14,
          chequers_serial_rivers_small_3, minivault_26, hangedman_decor_push
D:3:      layout_basic, tgw_kikubaaqudgha, xom_confusion_cloud
D:4:      layout_gridville, portal_sewer_entry_e
D:5:      layout_basic, mainiacjoe_overflow_six_doors_small, serial_shops,
          nicolae_shop_advertising_works [nicolae_subvault_shop_adworks]
D:6:      minmay_inner_zag, layout_basic, nzn_overflow_gifts_of_might_and_magic,
          minmay_temple_entry_overgrown, serial_shops, shop
D:7:      kennysheep_kobold_camp, layout_gridville, cheibriados_altar_1,
          nicolae_hepliaklqana_hippocampus, minmay_shop_mayhem,
          doesnt_shop_hydraphobe, uniq_duvessa
D:8:      layout_rooms, lair_entry_dummy, serial_shops, nicolae_shop_crystal,
          uniq_erica
D:9:      layout_irregular_city, uniq_erolcha
D:10:     layout_rooms
D:11:     layout_basic, serial_shops, nicolae_stop_n_shop_1,
          amcnicky_mini_pool_small
Temple:   regret_index_temple_generic_petals
Lair:1:   layout_cave_pods, gammafunk_ghost_icy
Lair:2:   layout_regular_city, nicolae_snake_entry_warm_welcome,
          beast_lair_carwin_8
Lair:3:   layout_regular_city, minmay_swamp_entry_worms,
          nicolae_lair_lakeside_cave
Lair:4:   layout_cave_pods, slime_entry_1, pf_torpor_hydra
Lair:5:   hangedman_lair_caniforms_friends, layout_regular_city,
          hangedman_lair_tendril_chambers

Skill      XL: |  1  2  3  4  5  6  7  8  9 10 11 12 13 |
---------------+----------------------------------------+-----
Stealth        | 1 2 3 4 5 7 8 9 10 | 10.4
Maces & Flails | 1 2 3 4 5 8 |  8.5
Dodging        | 3 4 5 6 |  6.5
Throwing       | 2 3 4 5 6 |  6.2
Fighting       | 3 4 5 6 |  6.4
Shields        | 2 3 4 5 6 |  6.6
Evocations     | 1 2 3 5 6 |  6.0
Spellcasting   | 3 4 |  4.1
Translocations | 4 5 6 |  6.8
Transmutations | 6 8 |  8.1
Earth Magic    | 6 8 |  8.1
Unarmed Combat | |  2.1
Invocations    | |  0.4

Action                     |  1- 3 |  4- 6 |  7- 9 | 10-12 | 13-15 || total
---------------------------+-------+-------+-------+-------+-------++-------
  Melee: Dagger            |     8 |       |   125 |   248 |       ||   381
         Constrict         |    20 |    30 |    50 |    68 |    13 ||   181
         Tentacles         |    12 |    24 |    61 |   166 |    32 ||   295
         Unarmed           |     1 |       |       |       |       ||     1
         Whip              |    65 |   161 |   150 |       |       ||   376
         Short sword       |     1 |       |       |       |       ||     1
         Punch             |     1 |     6 |     9 |    20 |     6 ||    42
         Flail             |       |       |       |   350 |   126 ||   476
         Peck              |       |       |       |       |     2 ||     2
  Throw: Dart              |       |    36 |    74 |   155 |    21 ||   286
         Stone             |       |    30 |    34 |    80 |    11 ||   155
         Boomerang         |       |     2 |    59 |    57 |     8 ||   126
   Cast: Teleport Other    |       |       |    13 |    22 |     4 ||    39
         Blink             |       |       |    11 |    15 |     2 ||    28
         Lesser Beckoning  |       |       |     4 |     9 |     3 ||    16
         Statue Form       |       |       |       |       |     5 ||     5
  Evoke: Wand              |       |       |       |     6 |       ||     6
    Use: Scroll            |     4 |     4 |    14 |    20 |     2 ||    44
         Potion            |       |     2 |       |     9 |     3 ||    14
   Stab: Sleeping          |    12 |    19 |    10 |     4 |       ||    45
         Distracted        |       |       |       |     1 |       ||     1
 Armour: Skin              |     2 |     9 |    11 |    29 |    51 ||   102
  Dodge: Dodged            |    37 |   121 |    98 |   323 |   120 ||   699
  Block: Buckler           |       |       |    30 |    61 |       ||    91
         Kite shield       |       |       |       |   126 |    24 ||   150

Table legend: (Time is in decaauts)
 A = Elapsed time spent in this place.
 B = Non-inter-level travel time spent in this place.
 C = Inter-level travel time spent in this place.
 D = Time resting spent in this place.
 E = Time spent auto-exploring this place.
 F = Levels seen in this place.
 G = Mean time per level.
                   A        B        C        D        E       F      G
               +--------+--------+--------+--------+--------+-----+--------+
         Total |  34464 |  31984 |   2480 |   3773 |  20945 |  18 | 1914.7 |
       Dungeon |  20071 |  18481 |   1590 |   1444 |  12524 |  11 | 1824.6 |
        Temple |    253 |    229 |     24 |      0 |    223 |   1 |  253.0 |
          Lair |  13523 |  12658 |    865 |   2121 |   8108 |   5 | 2704.6 |
         Sewer |    615 |    615 |      0 |    208 |     90 |   1 |  615.0 |
               +--------+--------+--------+--------+--------+-----+--------+

Top non-repeatable levels by time:
  Lair:2: 4742 daAuts
     D:9: 4113 daAuts
     D:6: 3322 daAuts
  Lair:1: 2993 daAuts
     D:8: 2778 daAuts
  Lair:3: 2710 daAuts
  Lair:4: 2500 daAuts
     D:7: 2452 daAuts
    D:11: 1513 daAuts
     D:3: 1202 daAuts
     D:1: 1085 daAuts
     D:4: 1051 daAuts
     D:5: 924 daAuts
    D:10: 857 daAuts
     D:2: 770 daAuts
